 Dungeon Crawl Stone Soup version 0.31-a0-618-g7ca08c1ff9 (webtiles) character file.

Game seed: 11086093009521834122

34249 Pooter the Severer (level 13, -1/112 (117) HPs)
             Began as a Minotaur Berserker on Aug 22, 2023.
             Was a Believer of Trog.
             Engulfed by a cloud of spectral mist (5 damage)
             ... on level 3 of the Lair of Beasts on Aug 23, 2023.
             The game lasted 01:23:37 (18965 turns).

Pooter the Severer (Minotaur Berserker)            Turns: 18965, Time: 01:23:37

HP:   -1/112 (117)  AC: 20    Str: 25    XL:     13   Next: 41%
MP:   12/12         EV:  7    Int:  6    God:    Trog [**....]
Gold: 404           SH: 14    Dex: 10    Spells: 12/12 levels left

rFire   + + .        a - +2 war axe
rCold   . . .        w - +0 tower shield
rNeg    . . .        T - +8 chain mail of Sif Muna, Feeding {rF+ Will- rCorr}
rPois   .            (helmet restricted)
rElec   .            B - +1 cloak
rCorr   +            (no gloves)
SInv    +            (no boots)
Will    .....        o - amulet of the acrobat Stlth
                     s - ring "Foitymm" {+Blink SInv Stlth+}
HPRegen 0.38/turn    F - ring of protection from fire
MPRegen 0.13/turn

%: acrobat
@: on berserk cooldown, hasted and slowed, lightly drained
A: horns 2, retaliatory headbutt
a: Renounce Religion, Evoke Blink, Berserk, Trog's Hand


You were on level 3 of the Lair of Beasts.
You worshipped Trog.
Trog was pleased with you.
You visited 2 branches of the dungeon, and saw 13 of its levels.

You collected 635 gold pieces.
You spent 231 gold pieces at shops.

Inventory:

Hand Weapons
 a - a +2 war axe (weapon)
   (You took it off a wight on level 7 of the Dungeon)
 b - the +3 sling of Otirghio {speed, rC++ rN+ Will-}
   (You found it on level 7 of the Dungeon)

   rC++:      It greatly protects you from cold.
   rN+:       It protects you from negative energy.
   Will-:     It decreases your willpower.
 m - a +0 glaive
   (You took it off an orc warrior on level 7 of the Dungeon)
 J - a +4 scimitar of flaming
   (You took it off Erica on level 8 of the Dungeon)
 K - a +4 battleaxe
   (You took it off a wight on level 7 of the Dungeon)
 M - a +0 dire flail
   (You took it off a two-headed ogre on level 8 of the Dungeon)
 R - a +0 trident
   (You took it off an orc on level 6 of the Dungeon)
 U - a +0 orcbow
   (You took it off an orc warrior on level 6 of the Dungeon)
Missiles
 e - 46 poisoned darts
 i - 5 silver javelins
 E - 11 boomerangs (quivered)
 G - a throwing net {!f}
 N - 3 curare-tipped darts
 Q - 65 stones
Armour
 j - a +3 plate armour
   (You found it on level 1 of the Dungeon)
 w - a +0 tower shield (worn)
   (You found it on level 1 of the Dungeon)
 B - a +1 cloak (worn)
   (You found it on level 5 of the Dungeon)
 O - the +0 plate armour of the Thinker {Int+6 Slay+3}
   (You found it on level 9 of the Dungeon)

   Int+6:     It affects your intelligence (+6).
   Slay+3:    It affects your accuracy & damage with ranged weapons and melee
   (+3).
 T - the +8 chain mail of Sif Muna, Feeding (worn) {rF+ Will- rCorr}
   (You found it on level 1 of the Lair of Beasts)

   rF+:       It protects you from fire.
   Will-:     It decreases your willpower.
   rCorr:     It protects you from acid and corrosion.
Jewellery
 o - an amulet of the acrobat (around neck)
   (You found it on level 2 of the Dungeon)
 s - the ring "Foitymm" (left hand) {+Blink SInv Stlth+}
   (You acquired it on level 7 of the Dungeon)

   [ring of see invisible]

   SInv:      It lets you see invisible.
   +Blink:    It lets you blink.
   Stlth+:    It makes you more stealthy.
 y - a ring of flight
   (You found it on level 6 of the Dungeon)
 F - a ring of protection from fire (right hand)
   (You took it off a hobgoblin on level 4 of the Dungeon)
 H - a +6 ring of dexterity
   (You found it on level 7 of the Dungeon)
 I - a ring of protection from cold
   (You found it on level 3 of the Lair of Beasts)
 S - an amulet of reflection
   (You took it off an orc on level 9 of the Dungeon)
Wands
 d - a wand of iceblast (13)
   (You took it off a hobgoblin on level 4 of the Dungeon)
 f - a wand of flame (19)
   (You found it on level 2 of the Dungeon)
 k - a wand of polymorph (18)
   (You found it on level 2 of the Dungeon)
 u - a wand of paralysis (1)
   (You took it off a vampire on level 10 of the Dungeon)
 v - a wand of light (15)
   (You found it on level 4 of the Dungeon)
 D - a wand of digging (4)
   (You found it on level 1 of the Lair of Beasts)
Scrolls
 c - 5 scrolls of fear
 n - a scroll of poison {!r}
 q - 4 scrolls of fog
 r - 2 scrolls of noise {!r}
 t - 7 scrolls of teleportation {@r4}
 C - a scroll of blinking
Potions
 g - a potion of mutation {!q}
 h - 3 potions of invisibility
 l - 2 potions of haste {@q3}
 p - 3 potions of enlightenment
 x - a potion of cancellation
 z - a potion of might
 A - 3 potions of curing {@q1}
 L - 2 potions of lignification {!q}
 P - a potion of attraction {unknown}


   Skills:
 + Level 11.8 Fighting
 + Level 16.2 Axes
 * Level 12.7 Ranged Weapons
 + Level 7.3 Armour
 + Level 3.2 Dodging
 - Level 8.7 Shields
 - Level 6.5 Evocations


You had 12 spell levels left.
You didn't know any spells.
Your spell library was empty.

Dungeon Overview and Level Annotations

Branches:
Dungeon (10/15) Zot: 25999  Temple (0/1) D:6            Lair (3/5) D:8 Zot: 11827
 Shoals (0/4) Lair:2       Spider (0/4) Lair:3          Orc (0/2) D:9

Altars:
Ashenzari
Elyvilon
Fedhas
Nemelex Xobeh
Ru
Sif Muna
Trog
Zin
The Shining One

Shops:
D:5 =   D:6 *?

Annotations:
D:7 2 transporters, cforsyth's ghost, novice GnAr
Lair:3 1 runed translucent door, Qefafrer's ghost, journeyman TrSh


Innate Abilities, Weirdness & Mutations

You have a pair of horns on your head.
You reflexively headbutt those who attack you in melee.


Message History

* * * LOW HITPOINT WARNING * * *
The ghost crab breathes spectral mist at you.
The spectral mist engulfs the spectral alligator snapping turtle but does no damage.
You slice the spectral alligator snapping turtle!!
You headbutt the spectral alligator snapping turtle.
You destroy the spectral alligator snapping turtle!
The spectral alligator snapping turtle fades away!
You hit the spectral torpor snail.
You are engulfed in spectral mist.
You block the spectral torpor snail's attack.
You are engulfed in spectral mist.
* * * LOW HITPOINT WARNING * * *
You block the ghost crab's attack. The ghost crab barely misses you.
You slash the ghost crab!
You are engulfed in spectral mist.
The ghost crab breathes spectral mist at you.
The spectral mist engulfs you but does no damage.
You hit the ghost crab but do no damage.
You slash the spectral torpor snail!
You are engulfed in spectral mist.
Your skin stops crawling.
You feel less strong-willed.
You barely miss the ghost crab.
You completely miss the spectral torpor snail.
You are engulfed in spectral mist.
* * * LOW HITPOINT WARNING * * *
The ghost crab breathes spectral mist at you.
The spectral mist engulfs you but does no damage.
You slash the ghost crab! You headbutt the ghost crab.
You hit the spectral torpor snail.
You are engulfed in spectral mist.
* * * LOW HITPOINT WARNING * * *
You are no longer berserk.
You are exhausted.
You feel yourself slow down.
You block the spectral torpor snail's attack.
You feel yourself speed up.
You are engulfed in spectral mist.
* * * LOW HITPOINT WARNING * * *
The spectral torpor snail fades away!
The spectral blink frog fades away!
The ghost crab breathes spectral mist at you.
The spectral mist engulfs you but does no damage.
The ghost crab bites you.
* * * LOW HITPOINT WARNING * * *
The ghost crab claws you but does no damage.
The spectral cane toad hits you but does no damage.
You slash the ghost crab! You headbutt the ghost crab!
You slash the spectral cane toad!
The spectral cane toad fades away!
The spectral eight-headed hydra fades away!
The ghost crab breathes spectral mist at you.
The spectral mist engulfs you but does no damage.
You slash the ghost crab!
You destroy the ghost crab!
Trog accepts your kill.
The spectral black mamba fades away!
You are engulfed in spectral mist.
You die...

.......................###.##.##.
##+##..###########....## #######.
#§§Y#..#.......°°#.....####.####.
#§§§#..#.#######○#...............
# #..#.# #○#...............
#####..#.# #○#...............
.......#.# #○#...............
.......#.# #°#....#.##......>
##.#...#.# #@#....####.###...
###....#.# #☼#...####.###....
#.##...#.# #°#...##..†..<'...
.###...#.# #○#...+.....###...
.......#.# #○#...##....##....
.###...#.#.t.....#...###.........
..##...#.#########....#P...##....
..##...#.÷.......'...##....##....
.......###########...###.#.###...


There were no monsters in sight!

Vanquished Creatures
  An entropy weaver (Lair:3)
  2 hydras
  A ghost crab (Lair:3)
  A two-headed ogre (D:8)
  2 catoblepae
  2 centaur warriors
  Erica (D:8)
  3 death yaks (Lair:1)
  Urug (Lair:3)
  Sonja (Lair:3)
  6 fire crabs (Lair:3)
  A skyshark (Lair:2)
  Pikel (D:5)
  An oklob plant (Lair:2)
  A cyclops (D:9)
  An ugly thing (D:9)
  3 black mambas
  An elephant (Lair:2)
  9 cane toads
  3 rime drakes
  Maggie (D:8)
  7 komodo dragons
  An efreet (D:9)
  A troll (D:10)
  A meliai (Lair:3)
  A polar bear (Lair:3)
  A hornet (Lair:3)
  17 yaks
  A vampire (D:10)
  A wraith (D:10)
  Eustachio (D:5)
  A basilisk (Lair:2)
  6 wyverns
  3 steam dragons
  3 vampire mosquitoes
  4 wargs (D:9)
  14 water moccasins
  4 acid dragons
  5 orc warriors
  2 ice beasts (D:7)
  A sky beast (D:4)
  4 black bears
  2 ogres
  10 wolves
  5 centaurs
  A phantom (D:7)
  17 bullfrogs
  2 gnoll sergeants
  2 kobold brigands
  3 scorpions
  5 wights
  13 killer bees
  An electric eel (Lair:2)
  5 howler monkeys
  2 jellies
  7 orc priests
  2 gnoll boudas
  2 sleepcaps
  2 iguanas
  8 orc wizards
  6 adders
  7 gnolls
  A shadow imp (D:7)
  4 ufetubi (D:5)
  3 worms
  4 dart slugs
  33 orcs
  3 ball pythons
  5 bats
  8 endoplasms
  2 giant cockroaches
  2 goblins (D:4)
  4 hobgoblins
  12 jackals
  11 kobolds
  A quokka (D:3)
  7 rats
324 creatures vanquished.

Notes
Turn   | Place    | Note
-------+----------+-------------------------------------------
     0 | D:1      | Pooter the Minotaur Berserker began the quest for the Orb.
     0 | D:1      | Reached XP level 1. HP: 19/19 MP: 0/0
   114 | D:1      | Reached skill level 4 in Axes
   218 | D:1      | Reached XP level 2. HP: 27/27 MP: 1/1
   511 | D:1      | Reached skill level 1 in Shields
  1050 | D:2      | Reached XP level 3. HP: 33/33 MP: 2/2
  1326 | D:2      | Found a faded altar of an unknown god.
  1398 | D:3      | Reached ** piety under Trog
  1935 | D:3      | Found a shimmering blue altar of Sif Muna.
  2132 | D:4      | Noticed a sky beast
  2141 | D:3      | Reached XP level 4. HP: 26/40 MP: 3/3
  2362 | D:4      | Noticed a scorpion
  2370 | D:4      | Reached skill level 5 in Axes
  2370 | D:4      | Killed a scorpion
  2371 | D:4      | Reached XP level 5. HP: 47/47 MP: 4/4
  2415 | D:4      | Reached skill level 1 in Evocations
  2416 | D:4      | Reached XP level 6. HP: 55/55 MP: 5/5
  2486 | D:4      | Reached skill level 6 in Axes
  2723 | D:4      | Killed a sky beast
  2724 | D:4      | Reached skill level 5 in Fighting
  2909 | D:4      | You fall into a shaft and drop 3 floors!
  3011 | D:7      | Identified a scroll of acquirement
  3011 | D:7      | Acquired the ring "Foitymm" {+Blink SInv Stlth+}
  3024 | D:7      | Noticed an orc warrior
  3037 | D:7      | Killed an orc warrior
  3038 | D:7      | Reached skill level 5 in Shields
  3038 | D:7      | Reached XP level 7. HP: 61/61 MP: 6/6
  3249 | D:6      | Found Kuniw's Magic Scroll Emporium.
  3252 | D:6      | Bought a scroll of identify for 28 gold pieces
  3252 | D:6      | Bought a scroll of identify for 28 gold pieces
  3252 | D:6      | Bought a scroll of teleportation for 42 gold pieces
  3252 | D:6      | Bought a scroll of identify for 28 gold pieces
  3279 | D:5      | Entered Level 5 of the Dungeon
  3436 | D:4      | Found a sparkling altar of Nemelex Xobeh.
  3643 | D:5      | Noticed a steam dragon
  3649 | D:5      | Killed a steam dragon
  3650 | D:5      | Reached skill level 7 in Axes
  3655 | D:5      | Noticed Eustachio
  3782 | D:5      | Killed Eustachio
  3783 | D:5      | Reached XP level 8. HP: 70/70 MP: 7/7
  4174 | D:5      | Found Ruomarphy's One-of-a-Kind Rings.
  4238 | D:5      | Noticed Pikel
  4248 | D:5      | Killed Pikel
  4249 | D:5      | Reached skill level 8 in Axes
  5119 | D:6      | Found Ytad's Sacrilege Store.
  5222 | D:6      | Reached skill level 9 in Axes
  5264 | D:6      | Reached XP level 9. HP: 55/78 MP: 8/8
  5421 | D:6      | Found a staircase to the Ecumenical Temple.
  6053 | D:6      | Bought a scroll of enchant armour for 105 gold pieces
  6111 | D:7      | Found a sacrificial altar of Ru.
  6295 | D:7      | Found a transporter.
  6299 | D:7      | Found a transporter.
  6299 | D:7      | Noticed cforsyth's ghost (novice GnAr)
  6300 | D:7      | Noticed a cyclops
  6374 | D:7      | Identified the +3 sling of Otirghio {speed, rC++ rN+ Will-}
  6627 | D:7      | Reached skill level 1 in Ranged Weapons
  6926 | D:7      | Reached skill level 10 in Axes
  7741 | D:8      | Noticed Erica
  7750 | D:8      | Killed Erica
  7751 | D:8      | Reached XP level 10. HP: 88/88 MP: 9/9
  7819 | D:8      | Noticed Maggie
  7826 | D:8      | Killed Maggie
  7827 | D:8      | Reached skill level 11 in Axes
  7827 | D:8      | Reached skill level 5 in Evocations
  7878 | D:7      | Reached skill level 5 in Ranged Weapons
  8489 | D:8      | Found a staircase to the Lair.
  9054 | D:8      | Noticed a two-headed ogre
  9059 | D:8      | Killed a two-headed ogre
  9146 | D:8      | Identified the +3 whip "Etre" {antimagic, Will+ SInv}
  9189 | D:8      | Noticed a moth of wrath
  9192 | D:8      | Found a bloodstained altar of Trog.
  9556 | D:9      | Noticed a white ugly thing
  9585 | D:9      | Killed a white ugly thing
  9586 | D:9      | Reached skill level 12 in Axes
 10037 | D:9      | Found a runed translucent door.
 10357 | D:9      | Found a runed translucent door.
 10558 | D:9      | Found a staircase to the Orcish Mines.
 10570 | D:9      | Reached XP level 11. HP: 97/97 MP: 10/10
 11665 | D:9      | Noticed a centaur warrior
 11677 | D:9      | Killed a centaur warrior
 11678 | D:9      | Reached skill level 13 in Axes
 11762 | D:9      | Identified the +0 plate armour of the Thinker {Int+6
                  | Slay+3}
 11818 | D:10     | Entered Level 10 of the Dungeon
 11818 | D:10     | Noticed a centaur warrior
 11821 | D:10     | Killed a centaur warrior
 12275 | D:10     | Found a white marble altar of Elyvilon.
 12275 | D:10     | Found a glowing golden altar of the Shining One.
 12275 | D:10     | Found a glowing silver altar of Zin.
 12375 | D:10     | Found a broken altar of Ashenzari.
 12376 | D:10     | Found a blossoming altar of Fedhas.
 12496 | D:10     | Identified the +0 scale mail of the Eggfruit {rF+ Int+9
                  | Slay-5}
 12705 | Lair:1   | Entered Level 1 of the Lair of Beasts
 12827 | Lair:1   | Noticed a catoblepas
 12945 | Lair:1   | Killed a catoblepas
 12946 | Lair:1   | Reached skill level 10 in Fighting
 13397 | Lair:1   | Noticed a four-headed hydra
 13407 | Lair:1   | Killed a one-headed hydra
 13407 | Lair:1   | Reached *** piety under Trog
 13408 | Lair:1   | Reached skill level 14 in Axes
 13623 | Lair:1   | Reached XP level 12. HP: 101/106 MP: 11/11
 13757 | Lair:1   | Reached skill level 10 in Ranged Weapons
 14168 | Lair:1   | Noticed a death yak
 14168 | Lair:1   | Noticed a death yak
 14168 | Lair:1   | Noticed a death yak
 14189 | Lair:1   | Killed a death yak
 14199 | Lair:1   | Killed a death yak
 14201 | Lair:1   | Killed a death yak
 14202 | Lair:1   | Reached skill level 5 in Armour
 14490 | Lair:1   | Identified the +8 chain mail of Sif Muna, Feeding {rF+
                  | Will- rCorr}
 14960 | Lair:2   | Found a staircase to the Shoals.
 14965 | Lair:2   | Reached skill level 15 in Axes
 15387 | Lair:2   | Noticed a catoblepas
 15399 | Lair:2   | Killed a catoblepas
 15899 | Lair:2   | Found a blossoming altar of Fedhas.
 16499 | Lair:3   | Noticed a six-headed hydra
 16507 | Lair:3   | Killed a one-headed hydra
 16526 | Lair:3   | Reached XP level 13. HP: 98/116 MP: 12/12
 16961 | Lair:3   | Noticed Sonja
 16965 | Lair:3   | Killed Sonja
 16965 | Lair:3   | Noticed Urug
 16976 | Lair:3   | Killed Urug
 16977 | Lair:3   | Reached skill level 16 in Axes
 17138 | Lair:3   | Found a runed translucent door.
 17237 | Lair:3   | Found a runed translucent door.
 17238 | Lair:3   | Noticed a dire elephant
 17238 | Lair:3   | Noticed Qefafrer's ghost (journeyman TrSh)
 17261 | Lair:3   | Found a hole to the Spider Nest.
 18963 | Lair:3   | HP: 4/112 [ghost crab] (14)]
 18965 | Lair:3   | Engulfed by a cloud of spectral mist

Illustrated notes

Levels and vault maps discovered:
D:1:      giann_bridges, layout_loops_corners, minmay_misc_feat_tiny,
          chequers_serial_rivers_large_a
D:2:      layout_rooms, basic_ecumenical_altar
D:3:      layout_loops_ring, lemuel_blue_sif_altar
D:4:      layout_gridville, nemelex_diamond_rough_becter
D:5:      layout_rooms, nicolae_shop_unique_rings, st_stairs_3,
          hangedman_abyss_or_decor_passed, uniq_eustachio, uniq_pikel
D:6:      layout_loops_ring, temple_fountains, serial_shops,
          nicolae_stop_n_shop_2, nicolae_evil_shop
D:7:      layout_loops_corners, nicolae_ru_sacrificial_ziggurat,
          gammafunk_ghost_arena
D:8:      layout_loops_ring, tgw_trog, due_lair_maze_entry_diamond, uniq_erica,
          uniq_maggie
D:9:      cheibrodos_histonic, layout_long_grid, minmay_orc_entry_guard_dogs,
          minivault_5, kennysheep_generic_room_15
D:10:     layout_basic, good_gods_mini_temple, gammafunk_temple_overflow_pools
Lair:1:   layout_loops_ring, nicolae_lair_grove_arrangements,
          chequers_serial_rivers_marsh, grunt_megastairs_3
Lair:2:   nzn_winding_woodlands_three_and_one
          [nzn_winding_woodlands_5x15_pockets,
          nzn_winding_woodlands_5x15_river_crossing,
          nzn_winding_woodlands_5x15_default,
          nzn_winding_woodlands_center_garden], layout_chaotic_city,
          minmay_shoals_entry_centaurs, tgw_fedhas
Lair:3:   gammafunk_mikee_crab_dinner, layout_regular_city,
          hellmonk_spider_entry_not_the_bees, ebering_ghost_inner_flame,
          grunt_forest_large_clearings, uniq_sonja, uniq_urug

Skill      XL: |  1  2  3  4  5  6  7  8  9 10 11 12 13 |
---------------+----------------------------------------+-----
Axes           | 4 5 6 7 9 10 12 14 15 16 | 16.2
Shields        | 1 2 3 4 5 6 8 |  8.7
Fighting       | 4 5 6 7 9 10 11 | 11.8
Evocations     | 1 2 3 4 5 6 |  6.5
Ranged Weapons | 4 7 9 11 12 | 12.7
Armour         | 3 6 7 |  7.3
Dodging        | 3 |  3.2

Action                     |  1- 3 |  4- 6 |  7- 9 | 10-12 | 13-15 || total
---------------------------+-------+-------+-------+-------+-------++-------
  Melee: Hand axe          |    64 |       |       |       |       ||    64
         Headbutt          |    10 |     9 |    37 |   145 |    42 ||   243
         War axe           |    50 |    68 |   168 |   529 |   124 ||   939
         Scimitar          |       |       |       |    12 |       ||    12
   Fire: Sling             |       |       |    29 |   122 |    34 ||   185
  Throw: Boomerang         |     6 |     7 |    23 |    20 |       ||    56
         Dart              |     1 |       |     3 |       |       ||     4
 Invoke: Berserk           |       |     4 |     8 |    13 |     3 ||    28
         Trog's Hand       |       |     2 |     9 |    25 |     7 ||    43
  Evoke: Wand              |       |     2 |     6 |     9 |     5 ||    22
    Use: Scroll            |     1 |     7 |     6 |    10 |     3 ||    27
         Potion            |       |       |       |     2 |     1 ||     3
   Stab: Invisible         |       |     1 |     3 |     8 |       ||    12
         Paralysed         |       |       |       |       |     7 ||     7
 Armour: Animal skin       |     5 |       |       |       |       ||     5
         Plate armour      |    53 |    43 |    82 |   125 |       ||   303
         Chain mail        |       |       |       |    55 |    69 ||   124
  Dodge: Dodged            |    29 |    15 |    32 |    91 |    31 ||   198
  Block: Tower shield      |    71 |    43 |   148 |   478 |    79 ||   819
         Reflection        |       |       |       |    21 |       ||    21

Table legend: (Time is in decaauts)
 A = Elapsed time spent in this place.
 B = Non-inter-level travel time spent in this place.
 C = Inter-level travel time spent in this place.
 D = Time resting spent in this place.
 E = Time spent auto-exploring this place.
 F = Levels seen in this place.
 G = Mean time per level.
                   A        B        C        D        E       F      G
               +--------+--------+--------+--------+--------+-----+--------+
         Total |  19370 |  18805 |    565 |   7455 |   8168 |  13 | 1490.0 |
       Dungeon |  13197 |  12703 |    494 |   4704 |   5799 |  10 | 1319.7 |
          Lair |   6172 |   6102 |     70 |   2750 |   2368 |   3 | 2057.3 |
               +--------+--------+--------+--------+--------+-----+--------+

Top non-repeatable levels by time:
  Lair:3: 2482 daAuts
     D:7: 2428 daAuts
     D:9: 2322 daAuts
  Lair:1: 2037 daAuts
     D:8: 1997 daAuts
  Lair:2: 1653 daAuts
     D:4: 1126 daAuts
     D:1: 1074 daAuts
     D:5: 1035 daAuts
     D:3: 1004 daAuts
     D:6: 915 daAuts
    D:10: 844 daAuts
     D:2: 449 daAuts
